Map: Catalyst LE

Players

noFreeWill - Winner!

  • Race: Zerg Zerg
  • League: Diamond
  • Spawn Location: 5:00

A.I. 1 (Very Easy)

  • Race: Protoss Protoss
  • Spawn Location: 11:00

VOD

Have the link to the VOD?

Description

Time

  • Played on: April 14, 2018, 8:20 a.m.
  • Length: 7:52
Show
View Real Time Build Order
Export as new Build Order

noFreeWill Zerg - Winner!

Build Orders: Hatch First 

Get SALT Encoding   

  12  0:01  Drone  
  13  0:13  Overlord  
  13  0:17  Drone  
  14  0:32  Drone x2  
  16  0:36  Drone  
  17  0:55  Hatchery  
  16  0:59  Drone  
  16  1:01  Drone  
  18  1:13  Extractor  
  18  1:17  Spawning Pool  
  16  1:20  Drone  
  16  1:23  Drone  
  18  1:32  Drone  
  19  1:41  Overlord  
  19  1:50  Drone  
  20  2:03  Queen  
  20  2:05  Zergling x2  
  20  2:08  Zergling x2  
  24  2:09  Queen  
  24  2:13  Drone  
  24  2:14  Metabolic Boost  
  27  2:20  Drone  
  28  2:26  Drone  
  29  2:31  Overlord  
  30  2:37  Drone  
  30  2:51  Hatchery  
  29  2:59  Drone x3  
  29  3:01  Drone  
  29  3:03  Drone  
  34  3:07  Drone  
  34  3:11  Drone  
  36  3:13  Overlord  
  36  3:22  Queen  
  36  3:26  Drone  
  40  3:27  Drone x2  
  40  3:29  Drone  
  40  3:32  Drone  
  43  3:34  Drone  
  43  3:36  Drone  
  43  3:38  Overlord  
  45  3:56  Evolution Chamber  
  45  3:57  Evolution Chamber  
  45  3:59  Roach Warren, Lair  
  42  4:03  Drone x3, Extractor  
  42  4:04  Extractor  
  42  4:05  Drone  
  42  4:07  Drone  
  42  4:09  Drone  
  46  4:11  Drone  
  46  4:13  Drone  
  46  4:15  Drone  
  49  4:30  Zerg Missile Weapons Level 1, Zerg Ground Armor Level 1  
  49  4:33  Drone x2  
  49  4:34  Drone x4  
  49  4:37  Drone  
  56  4:45  Queen  
  58  4:47  Overlord  
  58  4:48  Overlord  
  58  4:57  Roach  
  58  4:58  Roach x3  
  66  5:04  Glial Reconstitution  
  67  5:07  Drone  
  67  5:08  Roach  
  67  5:09  Roach x2  
  67  5:14  Roach x2  
  81  5:21  Roach x2  
  81  5:24  Overlord x2  
  81  5:25  Overlord  
  81  5:27  Overseer  
  81  5:40  Overlord x2  
  81  5:43  Roach  
  81  5:44  Roach x5  
  81  5:46  Roach  
  81  5:48  Roach  
  97  5:51  Overlord  
  97  5:58  Roach x4  
  105  6:07  Roach x4  
  113  6:12  Roach  
  113  6:16  Overseer  
  115  6:19  Zergling x12  
  121  6:26  Roach  
  121  6:27  Roach  
  125  6:42  Extractor  
  125  6:43  Extractor  
  125  6:46  Drone x2  
  125  6:47  Drone x2  
  126  6:48  Drone x3  
  126  6:49  Overlord x2  
  126  6:50  Overlord  
  130  6:56  Hatchery  
  129  7:17  Drone x3  
  129  7:18  Drone x5  
  129  7:19  Overlord x2  
  137  7:29  Infestation Pit, Hydralisk Den  
  136  7:30  Drone x2  
  136  7:33  Drone x2  
  136  7:34  Drone x3  
Show
View Real Time Build Order
Export as new Build Order

A.I. 1 (Very Easy) Protoss 

Build Orders:  

Get SALT Encoding   

  12  0:00  Probe  
  13  0:13  Probe  
  14  0:21  Pylon  
  14  0:37  Assimilator  
  14  0:42  Gateway  
  14  0:46  Pylon  
  14  1:14  Assimilator  
  14  1:24  Probe  
  14  1:30  Cybernetics Core, Zealot  
  14  1:32  Probe  
  18  1:40  Probe  
  19  1:51  Probe  
  20  1:59  Probe  
  20  2:07  Warp Gate, Probe  
  22  2:39  Stalker  
  24  6:48  Stalker  
  24  6:51  Pylon  
  20  7:03  Pylon  
  2  7:25  Pylon  
  2  7:29  Pylon  
  1  7:37  Pylon  
  1  7:41  Nexus  
Tags
 
League
Diamond
Matchup
PvZ
Spawn Locations
Cross Positions
Add a new tag
Caveats
  • Supply blocks, unpowered buildings, or Contaminate may cause inaccurate times.
  • Supply counts are checked every 10 seconds.